 Dungeon Crawl Stone Soup version 0.31.0-32-g396128a36d (webtiles) character file.

Game seed: 17510648489745290876

2608 Egg the Toxicologist (level 9, -5/51 HPs)
             Began as an Octopode Alchemist on Mar 22, 2024.
             Slain by a wraith (8 damage)
             ... on level 7 of the Dungeon.
             The game lasted 00:25:40 (6803 turns).

Egg the Toxicologist (Octopode Alchemist)           Turns: 6803, Time: 00:25:40

Health: -5/51      AC:  1    Str:  7    XL:     9   Next: 59%
Magic:  6/15       EV: 13    Int: 21    God:
Gold:   313        SH:  0    Dex: 13    Spells: 5/16 levels left

rFire   . . .        n - +0 flail (protect)
rCold   + . .        (no shield)
rNeg    . . .        (helmet restricted)
rPois   .            (no amulet)
rElec   .            c - ring of protection from cold
rCorr   .            v - ring of see invisible
SInv    +            (no ring)
Will    .....        (no ring)
Stlth   +++          (no ring)
HPRegen 0.28/turn    (no ring)
MPRegen 0.14/turn    (no ring)
                     (no ring)

%: no passive effects
@: no status effects
A: almost no armour, amphibious, 8 rings, camouflage 1, gelatinous body 1,
(nimble swimmer 1), tentacles
a: no special abilities


You were on level 7 of the Dungeon.
You visited 2 branches of the dungeon, and saw 8 of its levels.
You also visited: Ossuary.

You collected 313 gold pieces.

Inventory:

Hand Weapons
 n - a +0 flail of protection (weapon)
 t - a +0 short sword of speed
Magical Staves
 l - a staff of cold
Jewellery
 c - a ring of protection from cold (left tentacle)
 p - an amulet of faith
 v - a ring of see invisible (right tentacle)
Wands
 f - a wand of acid (12)
 q - a wand of flame (27)
 u - a wand of mindburst (13)
Scrolls
 b - a scroll of poison
 d - a scroll of teleportation {unknown}
 e - a scroll of noise {unknown}
 g - 4 scrolls of fear
 h - a scroll of vulnerability
 j - a scroll of revelation
 m - a scroll of fog {unknown}
 o - a scroll of brand weapon {unknown}
 s - 3 scrolls of enchant weapon {unknown}
 w - a scroll of immolation {unknown}
 y - 3 scrolls of amnesia
 E - a scroll of identify
Potions
 a - a potion of magic
 i - 2 potions of curing
 k - 2 potions of enlightenment
 r - 3 potions of attraction
 x - a potion of brilliance
 z - a potion of ambrosia
 B - a potion of haste {unknown}
 C - a potion of resistance {unknown}
 D - a potion of lignification {unknown}


   Skills:
 - Level 2.0 Dodging
 - Level 2.6 Stealth
 - Level 4.0 Spellcasting
 - Level 5.0 Conjurations
 - Level 5.0 Fire Magic
 * Level 6.0 Ice Magic
 - Level 9.0 Alchemy


You had 5 spell levels left.
You knew the following spells:

 Your Spells              Type           Power      Damage    Failure   Level
a - Sting                 Conj/Alch      100%       1d9       1%          1
b - Olgreb's Toxic Radia  Alch           42%        N/A       3%          4
c - Frozen Ramparts       Ice            58%        1d9       3%          3
d - Ozocubu's Armour      Ice            29%        N/A       3%          3

Your spell library contained the following spells:

 Spells                   Type           Power      Damage    Failure   Level
 Freeze                   Ice            100%       1d10      1%          1
 Magic Dart               Conj           100%       1d8       1%          1
 Mercury Vapours          Alch/Air       46%        N/A       2%          2
 Searing Ray              Conj           50%        2d6       2%          2
 Hailstorm                Conj/Ice       27%        3d8       3%          3
 Mephitic Cloud           Conj/Alch/Air  23%        N/A       5%          3
 Momentum Strike          Conj/Tloc      28%        3d8       6%          2
 Fulminant Prism          Conj/Alch      16%        3d10      7%          4
 Sticky Flame             Fire/Alch      33%        2d7       7%          4
 Inner Flame              Hex/Fire       14%        N/A       13%         3
 Flame Wave               Conj/Fire      25%        2d8       16%         4
 Blink                    Tloc           8%         N/A       19%         2
 Lesser Beckoning         Tloc           8%         N/A       19%         2
 Leda's Liquefaction      Alch/Erth      11%        N/A       19%         4
 Petrify                  Alch/Erth      23%        N/A       19%         4
 Fugue of the Fallen      Necr           4%         N/A       34%         3
 Metabolic Englaciation   Hex/Ice        8%         N/A       67%         5
 Manifold Assault         Tloc           4%         N/A       75%         4


Dungeon Overview and Level Annotations

Branches:
Dungeon (7/15)             Temple (1/1) D:5         Ossuary (visited)

Altars:
Ashenzari
Cheibriados
Dithmenos
Fedhas
Hepliaklqana
Kikubaaqudgha
Makhleb
Okawaru
Qazlal
Ru
Sif Muna
Trog
Vehumet
Wu Jian
Xom
Yredelemnul
Zin
The Shining One

Annotations:
D:3 3 runed translucent doors, Braxus's ghost, amateur DsSh
D:7 4 runed translucent doors


Innate Abilities, Weirdness & Mutations

You cannot wear most types of armour.
You are amphibious.
You can wear up to eight rings at the same time.
Your skin changes colour to match your surroundings (Stealth+).
Your rubbery body absorbs attacks. (AC +1, EV +1)
((You are camouflaged when in or above water. (Stealth+)))
You have tentacles for arms and can constrict up to eight enemies at once.


Message History

a +0 flail; a +0 scale mail; an orc corpse
There is an open door here.
Casting: Olgreb's Toxic Radiance (dangerous; 3% risk of failure)
Confirm with . or Enter, or press ? or * to list all spells.
Okay, then.
The wraith attacks as it pursues you! The wraith hits you!
The wraith drains your vigour!
You feel yourself slow down.
Casting: Olgreb's Toxic Radiance (dangerous; 3% risk of failure)
Confirm with . or Enter, or press ? or * to list all spells.
Okay, then.
Casting: Olgreb's Toxic Radiance (dangerous; 3% risk of failure)
Confirm with . or Enter, or press ? or * to list all spells.
A film of ice covers your body! The wraith hits you.
The wraith drains your vigour!
You feel as though you will be slow longer.
You barely miss the wraith. The wraith misses you. The wraith hits you.
The wraith drains your vigour!
You feel as though you will be slow longer.
You closely miss the wraith. The wraith hits you!
* * * LOW HITPOINT WARNING * * *
The wraith drains your vigour!
You feel as though you will be slow longer.
The wraith barely misses you.
Unknown command.
You barely miss the wraith. The wraith hits you!
* * * LOW HITPOINT WARNING * * *
The wraith closely misses you.
Unknown command.
Okay, then.
Okay, then.
You feel better. The wraith barely misses you. The wraith hits you!
* * * LOW HITPOINT WARNING * * *
Okay, then.
Okay, then.
It was a potion of cancellation.
Your magical effects are unravelling.
You feel magically purged.
Your icy armour evaporates.
You feel yourself speed up. The wraith hits you!
You die...

#.............)†.<...........##.#
#.........................[..##..
#.....^.........................#
#...............................#
#...............................#
#................#######.###....#
##...............# ###.###....#
#.####..........# #..........#
##.# #.........@# #.....#....#
...# #......>..W#####.....####.#
.### #..........#..........# ..
## #..........#..........# #.
#######..........#..........# .
.................#..........#
.######..######..#..........# ##.
#### ##............# #.#
#............#


You could see a wraith.

Vanquished Creatures
  Sigmund (D:3)
  A wyvern (D:7)
  A steam dragon (D:7)
  A sky beast (D:7)
  An orc warrior (D:6)
  A black bear (D:7)
  An ogre (D:4)
  A phantom (D:4)
  3 elf zombies (Ossuary)
  A kobold brigand (D:7)
  A bullfrog (D:6)
  4 scorpions
  3 hounds
  3 jellies
  3 orc priests
  A gnoll bouda (D:7)
  4 human zombies (Ossuary)
  Natasha (thrice) (D:3)
  2 iguanas
  An orc wizard (D:4)
  A statue (D:3)
  2 crocodile zombies (Ossuary)
  4 spectral hounds (Ossuary)
  4 mummies (Ossuary)
  Robin (D:3)
  7 adders
  10 gnolls
  6 hound simulacra (Ossuary)
  3 shadow imps (D:5)
  A white imp (D:5)
  2 ufetubi (D:5)
  A spectral adder (Ossuary)
  6 spectral gnolls (Ossuary)
  4 dart slugs
  23 orcs
  5 bats
  7 endoplasms
  A giant cockroach (D:4)
  9 gnoll zombies (Ossuary)
  12 goblins
  12 hobgoblins
  11 kobolds
  4 quokkas
  3 ball pythons
  A frilled lizard (D:3)
  2 gnoll simulacra (Ossuary)
  2 jackal simulacra (Ossuary)
  3 kobold zombies (Ossuary)
  4 orc zombies (Ossuary)
  4 rats (D:1)
  A spectral jackal (Ossuary)
193 creatures vanquished.

Notes
Turn   | Place    | Note
-------+----------+-------------------------------------------
     0 | D:1      | Egg the Octopode Alchemist began the quest for the Orb.
     0 | D:1      | Reached XP level 1. HP: 11/11 MP: 3/3
   224 | D:1      | Reached XP level 2. HP: 17/17 MP: 5/5
   267 | D:1      | Reached skill level 4 in Alchemy
   735 | D:2      | Reached XP level 3. HP: 21/21 MP: 6/6
   910 | D:2      | Reached skill level 5 in Alchemy
   983 | D:2      | Reached XP level 4. HP: 13/27 MP: 7/7
  1018 | D:2      | Learned a level 4 spell: Olgreb's Toxic Radiance
  1575 | D:3      | Noticed Natasha
  1581 | D:3      | Killed Natasha
  1582 | D:3      | Reached skill level 6 in Alchemy
  1582 | D:3      | Reached XP level 5. HP: 31/31 MP: 3/8
  1630 | D:3      | Noticed Sigmund
  1647 | D:3      | Killed Sigmund
  1648 | D:3      | Reached skill level 7 in Alchemy
  1648 | D:3      | Reached XP level 6. HP: 29/36 MP: 0/9
  1789 | D:3      | Noticed Natasha
  1794 | D:3      | Killed Natasha
  1959 | D:3      | Found a radiant altar of Vehumet.
  2156 | D:3      | Noticed Natasha
  2165 | D:3      | Killed Natasha
  2166 | D:3      | Reached skill level 8 in Alchemy
  2201 | D:3      | Found a runed translucent gate.
  2201 | D:3      | Found a runed translucent gate.
  2202 | D:3      | Found a runed translucent gate.
  2202 | D:3      | Noticed Braxus's ghost (amateur DsSh)
  2363 | D:3      | Noticed Robin
  2755 | D:3      | Killed Robin
  2842 | D:4      | Reached XP level 7. HP: 36/41 MP: 1/10
  2999 | D:4      | You fall into a shaft and drop 1 floor!
  2999 | D:5      | Entered Level 5 of the Dungeon
  3079 | D:5      | Reached skill level 9 in Alchemy
  3095 | D:5      | Reached skill level 1 in Ice Magic
  3478 | D:5      | Found a hazy altar of Hepliaklqana.
  3555 | D:5      | Found a sacrificial altar of Ru.
  3563 | D:5      | Found a staircase to the Ecumenical Temple.
  3574 | Temple   | Entered the Ecumenical Temple
  4078 | D:5      | Reached XP level 8. HP: 34/46 MP: 2/11
  4900 | D:4      | Reached skill level 5 in Ice Magic
  5017 | D:4      | Learned a level 3 spell: Frozen Ramparts
  5021 | D:4      | Learned a level 3 spell: Ozocubu's Armour
  5140 | D:6      | Found a shadowy altar of Dithmenos.
  5184 | D:6      | Found a sand-covered staircase.
  5189 | Ossuary  | Entered an ossuary
  5435 | Ossuary  | Reached skill level 1 in Fire Magic
  5798 | Ossuary  | Reached XP level 9. HP: 45/51 MP: 15/15
  6273 | D:7      | Reached skill level 5 in Fire Magic
  6692 | D:7      | Found a large runed translucent door.
  6692 | D:7      | Found a large runed translucent door.
  6694 | D:7      | Noticed a cyan ugly thing
  6694 | D:7      | Noticed a manticore
  6715 | D:7      | Found a large runed translucent door.
  6715 | D:7      | Found a large runed translucent door.
  6754 | D:7      | Reached skill level 5 in Conjurations
  6803 | D:7      | Slain by a wraith

Illustrated notes

Levels and vault maps discovered:
D:1:      tarquinn_simple_flora_water_b, layout_loops_ring, minmay_misc_feat_chi
D:2:      layout_rooms
D:3:      layout_loops_ring, vehumet_statue, gammafunk_ghost_nasty_kobolds,
          uniq_sigmund, uniq_robin, uniq_natasha
D:4:      layout_rooms
D:5:      layout_basic, mainiacjoe_overflow_catwalk_spiral,
          minmay_temple_entry_statues_pillars, minmay_fractal_squares_diagonal_5
D:6:      layout_rooms, mainiacjoe_overflow_small_starburst,
          amcnicky_altar_gilded, nicolae_dithmenos_the_darkroom,
          ebering_ghost_xom, nicolae_ossuary_entry_giza,
          nicolae_figureground_pulse
D:7:      layout_basic, general_overflow_altar, minmay_hollow_rounded_squares
Temple:   minmay_temple_curvy_branch

Skill      XL: |  1  2  3  4  5  6  7  8  9 |
---------------+----------------------------+-----
Alchemy        | 4 5 6 7 8 9 |  9.0
Ice Magic      | 4 6 |  6.0
Spellcasting   | 4 |  4.0
Fire Magic     | 3 5 |  5.0
Conjurations   | 5 |  5.0
Dodging        | |  2.0
Stealth        | |  2.6

Action                     |  1- 3 |  4- 6 |  7- 9 || total
---------------------------+-------+-------+-------++-------
  Melee: Whip              |    49 |     3 |       ||    52
         Constrict         |    12 |    17 |    52 ||    81
         Tentacles         |     5 |    15 |    74 ||    94
         Flail             |       |    50 |   308 ||   358
         Punch             |       |     1 |     7 ||     8
   Cast: Sting             |     4 |     5 |     6 ||    15
         Olgreb's Toxic Ra |       |    15 |    34 ||    49
         Ozocubu's Armour  |       |       |    12 ||    12
         Frozen Ramparts   |       |       |     7 ||     7
    Use: Potion            |       |     1 |     4 ||     5
         Scroll            |       |     1 |    10 ||    11
   Stab: Sleeping          |     6 |     5 |    10 ||    21
         Distracted        |       |     1 |       ||     1
 Armour: Skin              |    22 |    31 |   254 ||   307
  Dodge: Dodged            |    27 |    37 |   273 ||   337
